 Dungeon Crawl Stone Soup version 0.24.0-125-gc4c63601f3 (webtiles) character file.

Game seed: 8328800580273586601, levelgen mode: deterministic

151 LraC the Slinger (level 5, -1/34 HPs)
             Began as a Halfling Hunter on Mar 9, 2020.
             Slain by an orc warrior
             ... wielding a +0 trident
              (2 damage)
             ... on level 3 of the Dungeon.
             The game lasted 00:20:32 (1942 turns).

LraC the Slinger (Halfling Hunter)                  Turns: 1942, Time: 00:20:32

Health: -1/34      AC:  3    Str: 13    XL:     5   Next: 59%
Magic:  5/5        EV: 15    Int: 10    God:
Gold:   106        SH:  0    Dex: 15    Spells: 4/4 levels left

rFire    . . .     SeeInvis .   a - +1 hunting sling
rCold    . . .     Gourm    .   (shield restricted)
rNeg     . . .     Faith    .   r - +0 leather armour
rPois    .         Spirit   .   (no helmet)
rElec    .         Reflect  .   (no cloak)
rCorr    .         Harm     .   (no gloves)
MR       .....                  (no boots)
Stlth    ++........             (no amulet)
HPRegen  0.11/turn              (no ring)
MPRegen  0.09/turn              (no ring)

@: no status effects
A: small, mutation resistance 1
a: no special abilities


You were on level 3 of the Dungeon.
You were not hungry.

You visited 1 branch of the dungeon, and saw 3 of its levels.

You collected 106 gold pieces.

Inventory:

Hand Weapons
 a - a +1 hunting sling (weapon)
 b - a +0 short sword
Missiles
 g - 88 stones (quivered)
 l - 20 arrows
 m - 8 boomerangs of dispersal
Armour
 r - a +0 leather armour (worn)
Scrolls
 c - 3 scrolls of identify
 h - a scroll of teleportation
Potions
 i - 3 potions of curing
 k - a potion of resistance
 n - 2 potions of haste
 q - a potion of berserk rage
Comestibles
 f - 5 rations


   Skills:
 + Level 2.3 Fighting
 + Level 8.0 Slings
 + Level 2.3 Armour
 + Level 2.5 Dodging
 + Level 1.2 Stealth


You had 4 spell levels left.
You didn't know any spells.
Your spell library was empty.

Dungeon Overview and Level Annotations

Branches:
Dungeon (3/15)

Altars:


Innate Abilities, Weirdness & Mutations

You are small and have problems with some larger weapons.
You are somewhat resistant to further mutation.


Message History

Press: ? - help, Shift-Dir - straight line, f/p - orc warrior
Aim: an orc warrior, wielding a +0 trident and wearing a +0 chain mail (lightly wounded)
You shoot a stone.
The stone barely misses the orc warrior.
The crimson imp blinks!
Firing (i - inventory. (/) - cycle)
g - 90 stones (quivered)
Press: ? - help, Shift-Dir - straight line, f/p - orc warrior
Aim: an orc warrior, wielding a +0 trident and wearing a +0 chain mail (lightly wounded)
You shoot a stone.
The stone closely misses the orc warrior.
The orc warrior hits you with a +0 trident!
* * * LOW HITPOINT WARNING * * *
The crimson imp completely misses you.
Firing (i - inventory. (/) - cycle)
g - 89 stones (quivered)
Press: ? - help, Shift-Dir - straight line, f/p - orc warrior
Aim: an orc warrior, wielding a +0 trident and wearing a +0 chain mail (lightly wounded)
You shoot a stone.
The stone closely misses the orc warrior.
The orc warrior hits you with a +0 trident.
You die...

# #[......#.###...#+#.†># #
#########......# ##.#### #
#......# #....# #
#.....#######.#+###
############.....#.....#.....#
.................#.....'.....#
#############...#########....#
# #...#§.....)#....# #
###5@....(([#....#
#(#o.....?#....#
#.#########.+### #(. +...# ##.
#...###### .# #......... ..
#..######## #. #.# #..


You could see an orc warrior and a crimson imp.

Vanquished Creatures
  A howler monkey (D:2)
  4 adders
  An ooze (D:1)
  A worm (D:3)
  2 leopard geckos (D:3)
  8 goblins
  8 hobgoblins
  5 jackals (D:3)
  12 kobolds
  A ball python (D:2)
  12 bats
  7 frilled lizards
  8 rats
70 creatures vanquished.

Notes
Turn   | Place    | Note
-------+----------+-------------------------------------------
     0 | D:1      | LraC the Halfling Hunter began the quest for the Orb.
     0 | D:1      | Reached XP level 1. HP: 14/14 MP: 1/1
   139 | D:1      | Reached skill level 6 in Slings
   139 | D:1      | Reached XP level 2. HP: 19/19 MP: 2/2
   314 | D:1      | Reached XP level 3. HP: 21/24 MP: 3/3
   497 | D:1      | Reached skill level 7 in Slings
  1243 | D:2      | Reached skill level 1 in Armour
  1243 | D:2      | Reached XP level 4. HP: 29/29 MP: 4/4
  1403 | D:2      | Reached XP level 5. HP: 34/34 MP: 5/5
  1924 | D:3      | Noticed an orc warrior
  1929 | D:3      | Reached skill level 8 in Slings
  1941 | D:3      | HP: 1/34 [orc warrior/+0 trident (14)]
  1942 | D:3      | Slain by an orc warrior

Levels and vault maps discovered:
D:1:      dpeg_arrival_snail, layout_loops_corners, minmay_ruptured
D:2:      layout_rooms, serial_rivers, chequers_serial_rivers_marsh,
          chequers_serial_rivers_micro_e, chequers_serial_rivers_micro_a,
          chequers_serial_rivers_micro_e, first_ration
D:3:      layout_basic, minmay_divided_ellipse

Skill      XL: |  1  2  3  4  5 |
---------------+----------------+-----
Slings         | 6 7 8 |  8.0
Fighting       | 2 |  2.3
Armour         | 1 2 |  2.3
Dodging        | |  2.5
Stealth        | |  1.2

Action                   |  1- 3 |  4- 6 || total
-------------------------+-------+-------++-------
 Fire: Hunting sling     |   115 |   101 ||   216
  Use: Scroll            |     4 |     2 ||     6
       Potion            |     6 |     2 ||     8
  Eat: Ration            |     1 |       ||     1
Armor: Leather armour    |    11 |    10 ||    21
Dodge: Dodged            |    33 |    58 ||    91
